Map: Dusk Towers

Players

LazyLotuS

  • Race: Terran Terran
  • League: Diamond

VampyWorm - Winner!

  • Race: Protoss Protoss
  • League: Master

VOD

Have the link to the VOD?

Description

Time

  • Played on: Dec. 21, 2015, 6:24 p.m.
  • Length: 10:53
Show
View Real Time Build Order
Export as new Build Order

LazyLotuS Terran 

Build Orders: Reaper Expand 

Get SALT Encoding   

  12  0:01  SCV  
  13  0:13  SCV  
  14  0:18  Supply Depot  
  14  0:25  SCV  
  15  0:39  SCV  
  15  0:41  Barracks  
  16  0:47  Refinery  
  16  0:51  SCV  
  17  1:03  SCV  
  18  1:16  SCV  
  19  1:28  Orbital Command  
  19  1:29  Reaper  
  20  1:42  Command Center  
  20  1:52  Supply Depot  
  20  1:54  SCV  
  21  2:08  SCV  
  21  2:09  Barracks Reactor  
  21  2:12  Barracks  
  22  2:18  Barracks  
  22  2:21  SCV  
  23  2:29  Refinery  
  23  2:33  SCV  
  23  2:44  Marine  
  23  2:45  SCV, Marine  
  23  2:49  Factory  
  26  2:56  Orbital Command  
  26  3:01  Barracks Reactor  
  26  3:05  Barracks Tech Lab, Marine  
  26  3:07  Marine  
  26  3:12  SCV  
  29  3:22  SCV  
  30  3:28  Reaper, Engineering Bay  
  30  3:29  Marine x2  
  33  3:35  Starport  
  33  3:37  SCV  
  33  3:40  Marine x2  
  36  3:43  SCV  
  37  3:49  SCV  
  37  3:52  Marine  
  37  3:55  Terran Infantry Weapons Level 1, SCV  
  40  4:01  SCV  
  41  4:07  SCV, Missile Turret  
  42  4:10  Missile Turret  
  42  4:16  Marine x2  
  42  4:17  Marine x2  
  44  4:22  Supply Depot  
  46  4:25  Supply Depot  
  46  4:27  Starport Reactor  
  46  4:28  Marine  
  46  4:44  SCV x2  
  48  4:50  Marine x3  
  48  4:51  Marine x2  
  53  4:57  SCV x2, Supply Depot  
  55  5:07  Medivac  
  55  5:10  Command Center, Medivac  
  55  5:12  SCV  
  60  5:20  Supply Depot  
  60  5:21  Supply Depot  
  60  5:25  Liberator  
  60  5:26  Armory  
  59  5:32  Engineering Bay  
  59  5:33  Marine x2  
  59  5:34  Marine x2  
  59  5:35  Marine  
  67  5:51  Terran Infantry Armor Level 1, Marine  
  67  5:54  Marine x4  
  72  6:12  Terran Infantry Weapons Level 2  
  72  6:14  Marine x4  
  72  6:15  Marine  
  77  6:21  Barracks x2  
  77  6:39  Marine x4  
  71  6:40  Marauder  
  70  6:59  SCV  
  70  7:00  SCV, Orbital Command  
  72  7:04  Barracks  
  72  7:06  Refinery, Barracks  
  72  7:12  Barracks Reactor, Barracks Tech Lab  
  72  7:14  Combat Shields  
  72  7:15  Marine x2  
  72  7:16  Marine x2  
  72  7:18  Marauder, Medivac  
  72  7:20  Medivac  
  72  7:22  Orbital Command  
  82  7:31  SCV x2  
  84  7:37  Supply Depot x2  
  84  7:45  Terran Infantry Armor Level 2  
  84  7:46  Marine x2  
  84  7:47  Marine x2  
  84  7:48  SCV x3  
  91  7:59  Supply Depot  
  91  8:00  SCV x3  
  91  8:01  Marine x2  
  91  8:02  Barracks Reactor  
  91  8:03  Barracks Reactor  
  96  8:10  Marine x3  
  96  8:11  Marine x2  
  101  8:12  Supply Depot  
  101  8:15  Supply Depot  
  101  8:19  Marine  
  101  8:20  Marauder, Marine  
  105  8:33  Stimpack  
  105  8:36  Marine  
  105  8:37  Marine x3  
  105  8:38  Marine x2, Marauder  
  105  8:39  Marine  
  111  8:42  Marauder  
  113  8:54  SCV  
  113  8:55  SCV x2, Liberator x2  
  116  8:57  Barracks  
  116  8:58  Barracks  
  116  9:00  Refinery  
  116  9:02  Marine  
  116  9:03  Marine x7  
  116  9:04  Marine x2  
  116  9:05  Marauder x2  
  116  9:07  SCV x3  
  139  9:21  SCV x2  
  139  9:22  Command Center  
  141  9:30  Supply Depot x2  
  141  9:31  Supply Depot  
  141  9:34  SCV x2  
  143  9:44  Marine x6  
  149  9:46  Marine  
  149  9:47  Marine x2  
  149  9:48  Marine  
  142  9:55  Barracks Reactor  
  142  9:56  Barracks Tech Lab  
  142  10:07  Refinery  
  112  10:16  Marine  
  112  10:17  Marine x7  
  112  10:18  Marine x2  
  112  10:19  Marauder  
  124  10:29  SCV x3, Marine x2  
  124  10:34  Marine  
Show
View Real Time Build Order
Export as new Build Order

VampyWorm Protoss - Winner!

Build Orders: 1 Gate Expand, Oracle Opening 

Get SALT Encoding   

  12  0:01  Probe (Chrono Boost)  
  13  0:11  Probe (Chrono Boost)  
  14  0:20  Pylon  
  14  0:22  Probe (Chrono Boost)  
  15  0:39  Probe (Chrono Boost)  
  15  0:40  Gateway  
  16  0:49  Probe (Chrono Boost)  
  17  1:09  Nexus  
  17  1:15  Assimilator  
  17  1:21  Assimilator  
  17  1:22  Probe (Chrono Boost)  
  18  1:34  Cybernetics Core  
  18  1:36  Probe (Chrono Boost)  
  19  1:46  Probe (Chrono Boost)  
  20  1:48  Pylon  
  20  1:57  Probe (Chrono Boost)  
  20  2:11  Mothership Core (Chrono Boost), Warp Gate  
  20  2:14  Adept  
  24  2:21  Probe (Chrono Boost)  
  25  2:29  Probe (Chrono Boost)  
  26  2:32  Probe (Chrono Boost)  
  27  2:39  Probe (Chrono Boost)  
  27  2:43  Probe (Chrono Boost)  
  29  2:44  Stargate  
  29  2:50  Probe (Chrono Boost)  
  30  2:53  Probe (Chrono Boost)  
  31  3:01  Robotics Facility  
  31  3:03  Probe (Chrono Boost)  
  32  3:07  Probe (Chrono Boost)  
  33  3:14  Probe (Chrono Boost)  
  33  3:17  Probe (Chrono Boost), Pylon  
  35  3:24  Probe (Chrono Boost)  
  36  3:28  Oracle (Chrono Boost)  
  36  3:29  Probe (Chrono Boost)  
  40  3:36  Probe  
  40  3:39  Probe  
  40  3:40  Assimilator  
  42  3:48  Probe, Observer  
  44  3:50  Probe  
  44  3:53  Gateway  
  45  3:59  Pylon  
  45  4:00  Probe x2  
  47  4:11  Probe  
  47  4:12  Probe  
  47  4:14  Forge  
  49  4:17  Pylon  
  49  4:22  Probe  
  54  4:24  Probe, Void Ray (Chrono Boost)  
  52  4:32  Probe  
  52  4:33  Stalker  
  52  4:36  Probe, Observer  
  57  4:43  Probe  
  58  4:48  Probe  
  58  4:52  Assimilator  
  59  4:53  Probe  
  59  4:55  Protoss Ground Weapons Level 1  
  59  4:57  Zealot  
  59  4:58  Zealot  
  64  5:00  Probe  
  64  5:04  Probe  
  66  5:13  Probe  
  67  5:14  Probe  
  67  5:17  Pylon  
  67  5:25  Probe  
  67  5:28  Nexus  
  68  5:29  Probe  
  73  5:36  Void Ray (Chrono Boost)  
  73  5:38  Pylon  
  73  5:40  Zealot x2  
  77  5:43  Probe  
  77  5:47  Robotics Bay  
  78  5:52  Pylon  
  78  5:55  Probe  
  78  5:56  Probe  
  80  6:03  Pylon  
  80  6:05  Probe, Adept x2  
  85  6:11  Twilight Council  
  85  6:14  Forge  
  85  6:15  Void Ray (Chrono Boost)  
  85  6:16  Probe  
  90  6:22  Probe  
  89  6:34  Probe  
  89  6:39  Adept x2  
  87  6:40  Probe  
  87  6:43  Probe  
  87  6:46  Probe  
  88  6:50  Probe  
  88  6:52  Void Ray (Chrono Boost)  
  88  6:53  Colossus  
  88  6:54  Probe  
  95  6:58  Probe  
  95  7:00  Pylon  
  97  7:01  Probe  
  97  7:03  Pylon  
  97  7:04  Probe  
  97  7:06  Photon Cannon  
  99  7:08  Photon Cannon  
  99  7:10  Probe  
  99  7:12  Probe  
  99  7:13  Protoss Ground Armor Level 1  
  99  7:15  Probe  
  101  7:16  Protoss Ground Weapons Level 2 (Chrono Boost)  
  101  7:22  Probe x2, Photon Cannon  
  103  7:27  Assimilator  
  103  7:29  Assimilator  
  104  7:30  Charge  
  104  7:44  Zealot x2  
  108  7:51  Gateway  
  108  7:52  Colossus (Chrono Boost), Gateway  
  108  7:55  Gateway  
  108  7:56  Pylon  
  114  8:02  Probe  
  115  8:08  Pylon  
  115  8:09  Pylon  
  115  8:12  Adept x2  
  119  8:20  Void Ray (Chrono Boost)  
  121  8:36  Adept x2  
  125  8:48  Disruptor (Chrono Boost)  
  128  8:49  Probe  
  129  9:00  Adept x3  
  129  9:01  Stalker  
  137  9:02  Resonating Glaives (Chrono Boost)  
  137  9:03  Void Ray  
  137  9:07  Photon Cannon  
  137  9:09  Probe  
  141  9:10  Probe  
  141  9:13  Adept  
  145  9:19  Disruptor  
  145  9:23  Pylon  
  148  9:27  Zealot x4  
  156  9:52  Stalker, Adept x2  
  160  9:54  Zealot  
  164  10:17  Pylon  
  164  10:18  Pylon  
  164  10:19  Pylon  
  164  10:23  Pylon  
  164  10:25  Pylon  
Tags
 
Add a new tag
Caveats
  • Supply blocks, unpowered buildings, or Contaminate may cause inaccurate times.
  • Supply counts are checked every 10 seconds.